 Dungeon Crawl Stone Soup version 0.27-a0-1312-g5cdb2b3542 (webtiles) character file.

Game seed: 13450013579750640816

934 Demosthentine the Poker (level 8, -3/62 HPs)
             Began as a Merfolk Gladiator on June 20, 2021.
             Killed by divine providence
             ... invoked by an orc priest
              (15 damage)
             ... on level 6 of the Dungeon.
             The game lasted 00:05:01 (4663 turns).

Demosthentine the Poker (Merfolk Gladiator)         Turns: 4663, Time: 00:05:02

Health: -3/62      AC:  6    Str: 16    XL:     8   Next: 11%
Magic:  8/8        EV: 15    Int:  7    God:
Gold:   1461       SH:  0    Dex: 16    Spells: 7/7 levels left

rFire    . . .     SeeInvis .   a - +1 trident (vorpal)
rCold    . . .     Faith    .   (no shield)
rNeg     . . .     Spirit   .   b - +0 leather armour
rPois    .         Reflect  .   c - +0 helmet
rElec    .         Harm     .   (no cloak)
rCorr    .         Rampage  .   f - +0 pair of gloves
Will     .....                  g - +0 pair of boots
Stlth    +.........             (no amulet)
HPRegen  0.20/turn              (no ring)
MPRegen  0.11/turn              (no ring)

@: no status effects
A: (nimble swimmer 2), mertail
a: no special abilities


You were on level 6 of the Dungeon.
You visited 1 branch of the dungeon, and saw 6 of its levels.

You collected 1461 gold pieces.

Inventory:

Hand Weapons
 a - a +1 vorpal trident (weapon)
Missiles
 o - a throwing net (quivered)
Armour
 b - a +0 leather armour (worn)
 c - a +0 helmet (worn)
 f - a +0 pair of gloves (worn)
 g - a +0 pair of boots (worn)
Wands
 e - a wand of iceblast (7)
 l - a wand of paralysis (6)
 n - a wand of flame (37)
 p - a wand of polymorph (8)
Scrolls
 j - 2 scrolls of magic mapping
Potions
 d - a potion of brilliance
 h - 2 potions of magic
 i - 2 potions of attraction
 k - 2 potions of flight
 m - 2 potions of curing {unknown}


   Skills:
 + Level 5.3 Fighting
 + Level 7.8 Polearms
 - Level 2.0 Throwing
 + Level 3.2 Armour
 + Level 7.1 Dodging


You had 7 spell levels left.
You didn't know any spells.
Your spell library contained the following spells:

 Spells                   Type           Power      Damage    Failure   Level
 Magic Dart               Conj           0%         1d3       50%         1
 Summon Small Mammal      Summ           0%         N/A       50%         1
 Blink                    Tloc           N/A        N/A       63%         2
 Call Imp                 Summ           0%         N/A       63%         2
 Slow                     Hex            0%         N/A       63%         2
 Call Canine Familiar     Summ           0%         N/A       86%         3
 Conjure Flame            Conj/Fire      0%         6-21      86%         3
 Mephitic Cloud           Conj/Pois/Air  0%         N/A       86%         3
 Summon Guardian Golem    Hex/Summ       0%         N/A       86%         3
 Summon Ice Beast         Ice/Summ       0%         N/A       99%         4
 Summon Lightning Spire   Summ/Air       0%         N/A       99%         4


Dungeon Overview and Level Annotations

Branches:
Dungeon (6/15)
 Temple: D:4-7

Altars:
Cheibriados
Fedhas
Nemelex Xobeh
Sif Muna

Annotations:
D:4 1 runed translucent door, pigah's ghost, amateur OpWn


Innate Abilities, Weirdness & Mutations

((You are quick and stealthy near water. (Stealth+, EV+, Speed+++)))
Your lower body shifts to a powerful aquatic tail in water.


Message History

No target in view!
An orc comes into view. It is wielding a +0 short sword.
The orc shouts!
You hear a shout! x4
You reach to attack!
You closely miss the orc.
An orc is nearby!
You hit the orc.
The orc is heavily wounded.
The orc hits you but does no damage.
You hit the orc.
The orc is almost dead.
The orc hits you but does no damage.
An orc is nearby!
You hit the orc.
You kill the orc!
You see here a +0 short sword.
An orc, an orc warrior, an orc priest and an orc wizard come into view.
The orc warrior is wielding a +0 halberd and wearing a +2 plate armour of cold resistance.
The orc priest is wielding a +0 whip of venom.
The orc warrior shouts!
The orc priest shouts!
The orc shouts!
The orc wizard shouts!
An adder comes into view.
The orc wizard falls through a shaft!
The shaft crumbles and collapses.
The orc priest calls down the wrath of Beogh upon you.
Beogh smites you!
The orc warrior moves out of view.
The adder hisses angrily.
Found 21 stones.
The orc warrior hits you from afar with a +0 halberd!
The orc priest mumbles some strange prayers to Beogh against you.
Beogh smites you!
You see here a +0 short sword.
The adder barely misses you. The adder closely misses you.
The adder barely misses you. The adder misses you. The adder bites you.
There is a stone staircase leading down, spattered with blood here.
The orc priest mumbles some strange prayers to Beogh against you.
Beogh smites you!
* * * LOW HITPOINT WARNING * * *
The orc priest calls down the wrath of Beogh upon you.
Beogh smites you!
You die...

###.......# #........
####.........# #.###..#.
#.....#......# #.#...#..
.####.#...#......#######.#.##..#
................##.........).##
###......##......##........)###
.....###..#......##.......).#
###.............##.....)...#
####.##.....@.#..........#
##..##.####S##.........|#
##..###..# #>......>.....# #.(##
##.###.o......###### ##.##
#....#..###.)# ##..#
##............# #..##
#........#o...##### ..#.##
#.................# ..#.###
###.......#..#.####.#


You could see an orc warrior, an orc priest and an adder.

Vanquished Creatures
  Sigmund (D:5)
  An ogre (D:5)
  A bullfrog (D:6)
  A scorpion (D:6)
  A water moccasin skeleton (D:4)
  A hound (D:4)
  A bullfrog skeleton (D:6)
  2 gnoll shamans
  Ijyb (D:3)
  Natasha (thrice) (D:3)
  An iguana (D:4)
  An orc wizard (D:4)
  2 scorpion zombies (D:5)
  8 gnolls
  2 adders
  An ufetubus (D:5)
  An adder skeleton (D:4)
  A dart slug (D:4)
  18 orcs
  6 bats
  7 endoplasms
  A giant cockroach (D:1)
  A hobgoblin (D:2)
  19 jackals
  4 quokkas
  6 ball pythons
  4 frilled lizards
  4 goblins
  5 kobolds
  3 rats
108 creatures vanquished.

Notes
Turn   | Place    | Note
-------+----------+-------------------------------------------
     0 | D:1      | Demosthentine the Merfolk Gladiator began the quest for the
                  | Orb.
     0 | D:1      | Reached XP level 1. HP: 16/16 MP: 1/1
   155 | D:1      | Reached XP level 2. HP: 23/23 MP: 2/2
   491 | D:1      | Found a faded altar of an unknown god.
   845 | D:2      | Reached XP level 3. HP: 28/28 MP: 3/3
   970 | D:2      | Reached skill level 5 in Polearms
   988 | D:2      | Reached skill level 1 in Armour
   995 | D:2      | HP: 1/28 [orc (3)]
  1385 | D:2      | Reached XP level 4. HP: 35/35 MP: 4/4
  1703 | D:3      | Noticed Natasha
  1708 | D:3      | Killed Natasha
  1734 | D:3      | Noticed Ijyb
  1735 | D:3      | You fall into a shaft and drop 1 floor!
  1855 | D:3      | Found a shimmering blue altar of Sif Muna.
  1970 | D:3      | Noticed Natasha
  1983 | D:3      | Killed Natasha
  1984 | D:3      | Reached skill level 5 in Dodging
  1984 | D:3      | Reached XP level 5. HP: 22/41 MP: 5/5
  2015 | D:3      | Killed Ijyb
  2028 | D:3      | Noticed Natasha
  2033 | D:3      | Killed Natasha
  2358 | D:4      | Noticed pigah's ghost (amateur OpWn)
  2361 | D:4      | Found a runed translucent door.
  2384 | D:4      | Reached XP level 6. HP: 35/48 MP: 6/6
  2518 | D:4      | Found a blossoming altar of Fedhas.
  3277 | D:4      | Identified a scroll of acquirement
  3277 | D:4      | Acquired 1232 gold pieces
  3302 | D:5      | Entered Level 5 of the Dungeon
  3617 | D:5      | Reached XP level 7. HP: 45/55 MP: 7/7
  3963 | D:5      | Noticed Sigmund
  3978 | D:5      | Killed Sigmund
  4186 | D:5      | Found a sparkling altar of Nemelex Xobeh.
  4274 | D:6      | Reached skill level 5 in Fighting
  4314 | D:6      | Reached XP level 8. HP: 52/62 MP: 8/8
  4622 | D:6      | Found a snail-covered altar of Cheibriados.
  4663 | D:6      | Killed from afar by an orc priest

Illustrated notes

Levels and vault maps discovered:
D:1:      sevenhm_arrival_forest_fort_large_4, layout_rooms, serial_glass,
          glass_columns_b, glass_columns_c, ebering_ecumenical_altar_abandoned
D:2:      layout_rooms
D:3:      layout_rooms, nicolae_overflow_crystal_walls, uniq_ijyb, uniq_natasha
D:4:      layout_cave_pools, lemuel_round_altar, hellmonk_ghost_happy_afterlife,
          small_statue_intersection, feat_on_display
D:5:      layout_basic, overflow_temple_1_default, uniq_sigmund
D:6:      layout_rooms, kennysheep_mini_moat, temple_green, grunt_ministairs_4,
          uniq_pikel, uniq_menkaure, uniq_grinder

Skill      XL: |  1  2  3  4  5  6  7  8 |
---------------+-------------------------+-----
Polearms       | 5 6 7 |  7.8
Armour         | 1 2 3 |  3.2
Fighting       | 3 4 5 |  5.3
Dodging        | 5 6 7 |  7.1
Throwing       | |  2.0

Action                   |  1- 3 |  4- 6 |  7- 9 || total
-------------------------+-------+-------+-------++-------
Melee: Trident           |   128 |   161 |    49 ||   338
Throw: Throwing net      |     2 |     3 |     1 ||     6
  Use: Scroll            |     5 |     7 |     1 ||    13
       Potion            |     1 |       |       ||     1
 Stab: Sleeping          |     1 |     1 |       ||     2
       Held in net/web   |       |       |     1 ||     1
Armor: Leather armour    |    46 |    36 |     4 ||    86
Dodge: Dodged            |    78 |   115 |    22 ||   215

Table legend: (Time is in decaauts)
 A = Elapsed time spent in this place.
 B = Non-inter-level travel time spent in this place.
 C = Inter-level travel time spent in this place.
 D = Time resting spent in this place.
 E = Time spent auto-exploring this place.
 F = Levels seen in this place.
 G = Mean time per level.
                   A        B        C        D        E       F      G
               +--------+--------+--------+--------+--------+-----+--------+
         Total |   4668 |   4593 |     75 |    296 |   3563 |   6 |  778.0 |
       Dungeon |   4668 |   4593 |     75 |    296 |   3563 |   6 |  778.0 |
               +--------+--------+--------+--------+--------+-----+--------+

Top non-repeatable levels by time:
     D:5: 948 daAuts
     D:2: 926 daAuts
     D:3: 823 daAuts
     D:4: 816 daAuts
     D:1: 746 daAuts
     D:6: 407 daAuts
